Map: [ESL] Equilibrium

Players

Astrea

  • Race: Protoss Protoss
  • League: Master
  • Spawn Location: 11:00

Lambo - Winner!

  • Race: Zerg Zerg
  • Spawn Location: 1:00

Event: HomeStory Cup XXIV

VOD

Have the link to the VOD?

Description

Time

  • Played on: Dec. 1, 2023, 1:24 p.m.
  • Length: 5:56

All games in this series

Show
View Real Time Build Order
Export as new Build Order

Astrea Protoss 

Build Orders: Nexus First 

Get SALT Encoding   

  12  0:00  Probe  
  13  0:12  Probe  
  14  0:17  Pylon  
  14  0:24  Probe  
  15  0:36  Probe  
  16  0:48  Probe  
  17  0:57  Nexus  
  17  1:09  Gateway  
  17  1:11  Probe (Chrono Boost)  
  18  1:16  Assimilator  
  18  1:23  Probe (Chrono Boost)  
  19  1:28  Probe (Chrono Boost)  
  20  1:36  Pylon  
  20  1:37  Probe  
  21  1:46  Gateway  
  21  1:49  Probe  
  22  1:57  Cybernetics Core  
  22  2:01  Probe  
  23  2:09  Probe  
  23  2:13  Unknown, Probe  
  25  2:21  Probe  
  26  2:25  Probe  
  27  2:30  Adept x2 (Chrono Boost)  
  27  2:31  Warp Gate (Chrono Boost)  
  27  2:34  Probe  
  32  2:38  Probe  
  32  2:40  Pylon  
  33  2:46  Probe  
  34  2:53  Probe, Stalker, Adept  
  34  2:57  Pylon  
  39  2:59  Probe  
  39  3:01  Shield Battery  
  41  3:05  Probe  
  41  3:09  Gateway  
  42  3:22  Gateway  
  42  3:24  Gateway  
  42  3:27  Gateway  
  41  3:33  Probe x2  
  47  3:42  Pylon  
  45  3:48  Pylon  
  45  3:59  Pylon  
  43  4:03  Probe x2  
  43  4:09  Gateway  
  42  4:11  Zealot  
  41  4:20  Zealot x2  
  41  4:22  Probe  
  45  4:25  Probe  
  45  4:27  Zealot  
  48  4:35  Probe  
  48  4:37  Zealot, Probe  
  50  4:41  Cybernetics Core, Shield Battery  
  50  4:42  Adept x2  
  44  4:48  Adept  
  44  4:52  Probe x2  
  38  5:01  Zealot x3  
  38  5:05  Zealot  
  38  5:06  Zealot  
  29  5:22  Adept x3  
  29  5:27  Adept  
  29  5:28  Sentry  
  29  5:43  Sentry x2  
Show
View Real Time Build Order
Export as new Build Order

Lambo Zerg - Winner!

Build Orders: Hatch First 

Get SALT Encoding   

  12  0:00  Drone  
  13  0:12  Overlord  
  13  0:17  Drone  
  14  0:30  Drone x2  
  16  0:36  Drone  
  17  0:51  Hatchery  
  17  0:55  Drone  
  17  0:58  Drone  
  18  1:09  Extractor  
  17  1:13  Spawning Pool  
  17  1:16  Drone  
  17  1:19  Drone  
  18  1:27  Drone  
  19  1:38  Drone  
  20  1:50  Drone  
  21  2:03  Queen  
  21  2:04  Drone  
  24  2:08  Metabolic Boost  
  24  2:10  Queen  
  24  2:11  Zergling x2  
  24  2:14  Drone  
  24  2:15  Overlord  
  28  2:28  Hatchery  
  27  2:33  Zergling x2  
  27  2:35  Zergling x6  
  31  2:44  Overlord  
  31  2:48  Zergling x2  
  32  2:52  Queen  
  32  2:54  Zergling x2  
  32  2:57  Zergling x2  
  36  3:07  Zergling x4  
  36  3:12  Zergling x6  
  40  3:16  Zergling x2  
  40  3:18  Zergling x4  
  43  3:20  Overlord  
  43  3:22  Overlord  
  44  3:34  Zergling x2  
  44  3:36  Overlord  
  44  3:37  Queen  
  44  3:40  Zergling x2  
  46  3:43  Zergling x4  
  46  3:46  Zergling x6  
  49  3:50  Zergling x6  
  49  3:53  Zergling x2  
  52  3:55  Zergling x2  
  53  4:05  Zergling x4  
  53  4:07  Zergling x2  
  56  4:16  Zergling x10  
  61  4:20  Queen  
  62  4:25  Zergling x2  
  62  4:26  Zergling x8  
  62  4:30  Unknown  
  62  4:31  Zergling x2  
  66  4:37  Zergling x4  
  63  4:45  Zergling x10  
  63  4:51  Drone x4  
  67  4:59  Zergling x2  
  68  5:00  Zergling x4  
  65  5:13  Zergling x2  
  65  5:14  Zergling x10  
  66  5:18  Zergling x2  
  66  5:22  Zergling x10  
  70  5:30  Drone  
  70  5:34  Drone x2  
  72  5:42  Drone x4  
Tags
 
Add a new tag
Caveats
  • Supply blocks, unpowered buildings, or Contaminate may cause inaccurate times.
  • Supply counts are checked every 10 seconds.